 Dungeon Crawl Stone Soup version 0.18-a0-1157-g59db91b (webtiles) character file.

71 st0uf the Shield-Bearer (level 4, -9/37 HPs)
             Began as a Formicid Fighter on Jan 23, 2016.
             Killed by nerve-wracking pain
             ... invoked by Jessica
              (13 damage)
             ... on level 3 of the Dungeon.
             The game lasted 00:06:34 (1546 turns).

st0uf the Shield-Bearer (Formicid Fighter)          Turns: 1546, Time: 00:06:34

Health: -9/37      AC:  7    Str: 19 (20) XL:     4   Next: 47%
Magic:  13/13      EV:  9    Int:  8      God:
Gold:   115        SH: 10    Dex: 11      Spells: 0 memorised, 3 levels left

rFire  . . .     SeeInvis +     a - +0 quarterstaff
rCold  + . .     Gourm    .     q - +0 ring mail {rC+}
rNeg   . . .     Faith    .     c - +1 shield
rPois  .         Spirit   .     (helmet unavailable)
rElec  .         Dismiss  .     (no cloak)
rCorr  .         Reflect  .     k - +0 pair of gloves
SustAt .         Harm     .     (no boots)
MR     .....                    (no amulet)
Stlth  ..........               s - ring of loudness (curse)
                                g - ring of magical power

@: not resistant to hostile enchantments, extremely unstealthy
A: permanent stasis, dig shafts and tunnels, four strong arms, antennae 3, beak,
deterioration 1, screaming 1, evolution 1
a: Dig, Shaft Self


You were on level 3 of the Dungeon.
You were not hungry.

You visited 1 branch of the dungeon, and saw 3 of its levels.

You collected 115 gold pieces.

Inventory:

Hand Weapons
 a - a +0 quarterstaff (weapon)
Armour
 b - a +0 scale mail
 c - a +1 shield (worn)
 k - a +0 pair of gloves (worn)
 q - a +0 ring mail of cold resistance (worn)
Jewellery
 g - a ring of magical power (left hand)
 s - a cursed ring of loudness (right hand)
Scrolls
 r - a scroll of identify
 u - a scroll of noise {unknown}
 x - a scroll of fog {unknown}
Potions
 d - a potion of might
 i - a potion of haste {unknown}
 m - a potion of lignification {unknown}
 n - a potion of invisibility {unknown}
 o - a potion of resistance {unknown}
 p - a potion of curing {unknown}
 t - a potion of flight {unknown}
 v - a potion of cancellation {unknown}
Comestibles
 f - a bread ration
 h - 2 chunks of flesh
 j - a meat ration
 l - 2 slices of pizza
 w - 2 fruits


   Skills:
 + Level 4.1 Fighting
 + Level 2.5 Staves
 + Level 3.8 Armour
 + Level 0.8 Dodging
 + Level 0.3 Stealth
 + Level 4.1 Shields


You had 3 spell levels left.
You didn't know any spells.

Dungeon Overview and Level Annotations

Branches:
Dungeon (3/15)

Altars:

Annotations:
D:3 Jessica


Innate Abilities, Weirdness & Mutations

You are under a permanent stasis effect.
You can dig through walls and to a lower floor.
Your four strong arms can wield two-handed weapons with a shield.
You have a pair of large antennae on your head (SInv).
You have a beak for a mouth.
Your body sometimes deteriorates upon taking damage.
You occasionally shout uncontrollably at your foes.
You evolve.


Message History

Your shield prevents you from hitting Jessica.
Jessica is heavily wounded.
Jessica casts a spell at you.
Your stasis keeps you stable.
Jessica casts a spell at you. Pain shoots through your body!
An orc comes into view. It is wielding a whip.
You barely miss Jessica.
Jessica is heavily wounded.
The orc shouts!
Jessica gestures wildly while chanting.
Jessica blinks!
Jessica gestures wildly while chanting.
Jessica blinks!
Jessica gestures at you while chanting. Pain shoots through your body!
* * * LOW HITPOINT WARNING * * *
Jessica gestures at you while chanting. Pain shoots through your body!
You die...

#.<..>......####
#...........#### ##
##.########..... #>. #.#
###### #.. #.# ### #... #.#
##.####### ###...#####
#.###........#
..........#####.##.......).#
......oo....@.#............#
........@.###..............#
###...##### ####.##........#
#... #.###.###.#### #ยง. #.#
### #.## # #.. #.#
#####..### ## ..............
#.............
.##........[..


You could see Jessica and 2 orcs.

Vanquished Creatures
  3 adders (D:2)
  A worm (D:2)
  A giant gecko (D:1)
  5 bats
  2 giant cockroaches (D:1)
  5 goblins
  2 hobgoblins (D:2)
  A quokka (D:2)
  3 giant newts (D:1)
  8 kobolds
  10 rats
41 creatures vanquished.

Notes
Turn   | Place    | Note
--------------------------------------------------------------
     0 | D:1      | st0uf the Formicid Fighter began the quest for the Orb.
     0 | D:1      | Reached XP level 1. HP: 18/18 MP: 1/1
   244 | D:1      | Reached XP level 2. HP: 18/24 MP: 2/2
   522 | D:1      | Reached skill level 4 in Shields
   522 | D:1      | Reached XP level 3. HP: 29/29 MP: 3/3
  1091 | D:2      | Reached XP level 4. HP: 19/37 MP: 4/4
  1459 | D:2      | Gained mutation: You evolve. [potion of mutation]
  1459 | D:2      | Gained mutation: Your body sometimes deteriorates upon taking damage. [potion of mutation]
  1459 | D:2      | Gained mutation: You regenerate slowly when monsters are visible. [potion of mutation]
  1460 | D:2      | Gained mutation: You have a beak for a mouth. [potion of mutation]
  1460 | D:2      | Gained mutation: You occasionally shout uncontrollably at your foes. [potion of mutation]
  1460 | D:2      | Lost mutation: You regenerate slowly when monsters are visible. [potion of mutation]
  1534 | D:3      | Noticed Jessica
  1546 | D:3      | Killed from afar by Jessica

Vault maps used:
D:1:      dpeg_arrival_three_bigger_balls
D:3:      first_bread, minmay_misc_feat_secret_circle, grunt_ministairs_2,
          minivault_23, uniq_jessica, uniq_natasha, uniq_grinder

Action                   |  1- 3 |  4- 6 || total
-------------------------+-------+-------++-------
Melee: Quarterstaff      |   105 |    15 ||   120
  Use: Scroll            |     4 |       ||     4
       Potion            |       |     2 ||     2
  Eat: Chunk             |     1 |     1 ||     2
